 Dungeon Crawl Stone Soup version 0.29.1-2-gbd0b4ee654 (webtiles) character file.

Game seed: 3166742021764820990

3073 croobank the Nimble (level 9, 0/42 HPs)
             Began as a Felid Summoner on Oct 28, 2022.
             Was an Initiate of Gozag.
             Slain by a hornet (14 damage)
             ... while paralysed by a hornet
             ... on level 9 of the Dungeon on Oct 29, 2022.
             The game lasted 00:43:12 (12350 turns).

croobank the Nimble (Felid Summoner)               Turns: 12350, Time: 00:43:12

Health: 0/42       AC:  2    Str:  4    XL:     9   Next: 58%
Magic:  13/19      EV:  4    Int: 20    God:    Gozag
Gold:   664        SH:  0    Dex: 17    Spells: 5/21 levels left
                                        Lives:  0   Deaths: 2

rFire   . . .      SeeInvis +   (weapon unavailable)
rCold   . . .      Faith    .   (shield unavailable)
rNeg    . . .      Spirit   .   (body armour unavailable)
rPois   .          Reflect  +   (helmet unavailable)
rElec   .          Harm     .   (cloak unavailable)
rCorr   .          Rampage  .   (gloves unavailable)
Will    +....                   (boots unavailable)
Stlth   +++.......              b - amulet of reflection
HPRegen 0.14/turn               (no ring)
MPRegen 0.16/turn               (no ring)

@: paralysed, gold aura, slowed, quick
A: very small, claws 1, fangs 3, see invisible, speed 1, shaggy fur 2, stealthy
paws, no weapons or thrown items, no armour, multi-lived
a: Renounce Religion, Potion Petition, Call Merchant, Bribe Branch


You were on level 9 of the Dungeon.
You worshipped Gozag.
Gozag was pleased with you.
You visited 2 branches of the dungeon, and saw 10 of its levels.

You collected 1106 gold pieces.
You paid 442 gold pieces to Gozag.

Inventory:

Jewellery
 b - an amulet of reflection (around neck)
 g - an amulet of regeneration
 h - a ring of protection from cold
Wands
 j - a wand of polymorph (1)
Scrolls
 a - a scroll of fog
 e - 2 scrolls of amnesia
 l - a scroll of teleportation
Potions
 c - 3 potions of curing
 d - a potion of attraction {unknown}
 f - 2 potions of heal wounds
 k - a potion of flight
 m - a potion of mutation


   Skills:
 + Level 6.5 Fighting
 + Level 9.4 Dodging
 - Level 3.6 Stealth
 + Level 6.6 Spellcasting
 - Level 5.0 Hexes
 + Level 8.1 Summonings
 + Level 5.1 Air Magic


You had 5 spell levels left.
You knew the following spells:

 Your Spells              Type           Power      Damage    Failure   Level
a - Summon Small Mammal   Summ           100%       N/A       1%          1
b - Call Imp              Summ           39%        N/A       1%          2
c - Call Canine Familiar  Summ           39%        N/A       1%          3
d - Summon Guardian Gole  Hex/Summ       32%        N/A       1%          3
e - Summon Lightning Spi  Summ/Air       33%        N/A       6%          4
f - Tukima's Dance        Hex            26%        N/A       3%          3

Your spell library contained the following spells:

 Spells                   Type           Power      Damage    Failure   Level
 Necrotise                Necr           24%        1d5       10%         1
 Sublimation of Blood     Necr           6%         N/A       16%         2
 Passage of Golubria      Tloc           6%         N/A       69%         4
 Petrify                  Tmut/Erth      6%         N/A       69%         4
 Yara's Violent Unravell  Hex/Tmut       8%         3d5       69%         5
 Borgnjor's Vile Clutch   Necr/Erth      3%         N/A       95%         5
 Irradiate                Conj/Tmut      3%         3d12      95%         5
 Death Channel            Necr           3%         N/A       100%        6
 Animate Dead             Necr           Unusable   N/A       N/A         4

Dungeon Overview and Level Annotations

Branches:
Dungeon (9/15)             Temple (1/1) D:4
   Lair: D:8-11         Orc: D:9-12

Altars:
Gozag
Kikubaaqudgha
Nemelex Xobeh
Okawaru
Qazlal
Sif Muna
Uskayaw
Vehumet
Xom
Yredelemnul
The Shining One

Annotations:
D:5 Eustachio


Innate Abilities, Weirdness & Mutations

You have sharp claws.
You have razor-sharp teeth.
You have supernaturally acute eyesight. (SInv)
You cover ground quickly. (Speed+)
You are covered in thick fur. (AC +2)
Your paws help you pounce on unaware monsters.
You are incapable of wielding weapons or throwing items.
You cannot wear armour.
You gain extra lives every three experience levels.


Message History

Your guardian golem explodes!
The fiery explosion engulfs the yak!!!
The yak dies!
The fiery explosion engulfs the yak!!
The yak dies!
Casting: Summon Guardian Golem (safe; 1% risk of failure)
Confirm with . or Enter, or press ? or * to list all spells.
A guardian golem appears, shielding your allies.
You swap places.
What are your orders? t - Meow!
Orders for allies: a - Attack new target. p - Attack previous target. r - Retreat! s - Stop attacking. g - Guard the area. f - Follow me.
Anything else - Cancel.
Gang up on whom?
Press: ? - help, Dir - move target, f/p - hornet
Aim: a hornet (moderately wounded, ally target) Attack!
The hornet is distracted by your dazzling golden aura.
The hornet is no longer distracted by gold.
Your guardian golem is engulfed in blazing flames.
The hornet is engulfed in blazing flames.
Your guardian golem is engulfed in blazing flames.
The hornet barely misses you.
Your guardian golem is engulfed in blazing flames.
You scratch the hornet but do no damage.
The hornet is severely wounded.
The hornet stings you.
You suddenly lose the ability to move!
Your guardian golem is engulfed in blazing flames.
The hornet stings you.
You feel yourself slow down.
You feel yourself speed up. The hornet stings you.
You feel yourself slow down.
Your guardian golem is engulfed in blazing flames.
The hornet stings you!
You feel as though you will be slow longer.
Your guardian golem is engulfed in blazing flames.
The hornet stings you!
You die...
Your body crumbles into a pile of gold.

## #..# #.#.#. ##..
#...# # #.#.#. $
....# #.....#.#.#.#.
$ ....$#
#...#.#.#.#.#h #...#
#.............
#§○§##
#....####...##
#.9.####...##.....##
##§y..##.......#.##
##@.......<######
##.......##
##.......#
#.......##
#........#
....####..# ....#
#..## .... #...##
##....###


You could see a hornet (ally target) and a friendly guardian golem (summoned).

Vanquished Creatures
  An unseen horror (D:6)
  Edmund (D:6)
  Blork the orc (D:5)
  A bullfrog (D:8)
  An orc priest (D:7)
  An iguana (D:5)
  2 orc wizards
  An adder (D:4)
  2 ball pythons
  An endoplasm (D:4)
  A hobgoblin (D:1)
  A jackal (D:3)
  A bat (D:3)
  2 kobolds
  A rat (D:3)
18 creatures vanquished.

Vanquished Creatures (collateral kills)
  Maggie (D:8)
  A kobold demonologist (D:7)
  A hornet (D:8)
  A yak (D:9)
  Menkaure (D:4)
  An acid dragon (D:8)
  An orc warrior (D:7)
  An ogre (D:5)
  2 centaurs (D:8)
  4 bullfrogs
  A necrophage (D:6)
  2 scorpions
  A jelly (D:5)
  2 hounds
  2 orc priests
  4 iguanas
  8 orc wizards
  2 gnolls
  3 adders
  2 white imps (D:7)
  A worm (D:5)
  19 orcs
  7 ball pythons
  3 bats
  4 endoplasms
  4 giant cockroaches
  5 goblins
  A hobgoblin (D:1)
  3 jackals (D:3)
  2 quokkas
  4 frilled lizards
  2 kobolds
  2 rats (D:1)
98 creatures vanquished.

Vanquished Creatures (others)
  A troll (D:7)
  A wyvern (D:7)
  3 yaks
  3 steam dragons
  3 ice beasts
  An orc warrior (D:7)
  A sky beast (D:6)
  An ogre (D:6)
  2 centaurs (D:6)
  2 bullfrogs (D:7)
  A gnoll sergeant (D:7)
  An orc priest (D:7)
  5 gnolls
  2 plants (D:2)
27 creatures vanquished.

Grand Total: 143 creatures vanquished

Notes
Turn   | Place    | Note
-------+----------+-------------------------------------------
     0 | D:1      | croobank the Felid Summoner began the quest for the Orb.
     0 | D:1      | Reached XP level 1. HP: 7/7 MP: 4/4
   352 | D:1      | Reached skill level 3 in Dodging
   448 | D:1      | Reached XP level 2. HP: 11/11 MP: 1/6
   451 | D:1      | Learned a level 2 spell: Call Imp
  1511 | D:2      | Found a faded altar of an unknown god.
  1538 | D:2      | Reached XP level 3. HP: 14/14 MP: 4/7
  2875 | D:4      | Found a staircase to the Ecumenical Temple.
  2883 | Temple   | Entered the Ecumenical Temple
  2889 | Temple   | Became a worshipper of Gozag Ym Sagoz the Greedy
  2986 | D:4      | Learned a level 3 spell: Call Canine Familiar
  3050 | D:4      | Reached XP level 4. HP: 18/18 MP: 8/8
  3575 | D:4      | Reached skill level 1 in Fighting
  3581 | D:4      | Reached skill level 4 in Dodging
  3900 | D:4      | Identified the +9 mace of Anger {vamp, Dex+2}
  3929 | D:4      | Noticed Menkaure
  4302 | D:4      | Killed Menkaure
  4303 | D:4      | Reached XP level 5. HP: 14/22 MP: 10/10
  4419 | D:5      | Entered Level 5 of the Dungeon
  4494 | D:5      | Reached skill level 5 in Summonings
  4553 | D:5      | Gained mutation: You are covered in thick fur. (AC +2)
                  | [Felid growth]
  4553 | D:5      | Reached XP level 6. HP: 26/26 MP: 4/11
  4738 | D:5      | Learned a level 3 spell: Summon Guardian Golem
  4746 | D:5      | Noticed Blork the orc
  4760 | D:5      | Killed Blork the orc
  4761 | D:5      | Reached skill level 5 in Dodging
  4761 | D:5      | Reached skill level 1 in Hexes
  5368 | D:5      | Reached XP level 7. HP: 30/30 MP: 11/13
  5443 | D:5      | Learned a level 4 spell: Summon Lightning Spire
  5895 | D:5      | Found a hide-covered altar of Uskayaw.
  5995 | D:5      | Found an iron altar of Okawaru.
  6040 | D:5      | Reached skill level 1 in Air Magic
  6335 | D:5      | Noticed Eustachio
  6645 | D:6      | Noticed a steam dragon
  6663 | D:6      | Killed a steam dragon
  6663 | D:6      | Noticed Edmund
  6680 | D:6      | Killed Edmund
  6681 | D:6      | Reached skill level 6 in Dodging
  6681 | D:6      | Reached XP level 8. HP: 21/35 MP: 2/15
  6875 | D:6      | Killed from afar by a steam dragon
  6876 | D:6      | Reached XP level 7. HP: -1/31 MP: 6/14
  6966 | D:6      | Killed a steam dragon
  7208 | D:6      | Found a basalt altar of Yredelemnul.
  7297 | D:6      | Reached skill level 5 in Hexes
  7297 | D:6      | Reached XP level 8. HP: 24/36 MP: 3/16
  7610 | D:6      | Reached skill level 7 in Dodging
  7610 | D:6      | Reached skill level 5 in Spellcasting
  8613 | D:7      | Reached skill level 5 in Fighting
  8697 | D:7      | Noticed an unseen horror
  8810 | D:7      | Noticed an unseen horror
  8862 | D:6      | Killed an unseen horror
  8863 | D:6      | Reached XP level 9. HP: 10/40 MP: 11/18
  9217 | D:7      | Reached skill level 8 in Dodging
 10208 | D:7      | Noticed a troll
 10242 | D:7      | Killed a troll
 10682 | D:8      | Learned a level 3 spell: Tukima's Dance
 11102 | D:8      | Noticed Maggie
 11102 | D:8      | Killed from afar by an acid dragon
 11103 | D:8      | Reached XP level 8. HP: -2/38 MP: 13/18
 11143 | D:7      | Noticed a kobold demonologist
 11162 | D:7      | Noticed a sun demon
 11177 | D:7      | Killed a kobold demonologist
 11331 | D:8      | Killed Maggie
 11332 | D:8      | Reached skill level 9 in Dodging
 11332 | D:8      | Reached XP level 9. HP: 41/41 MP: 5/19
 11672 | D:8      | Found an ancient bone altar of Kikubaaqudgha.
 11716 | D:8      | Got Kikubaaqudgha's Compendium of the Grave
 11763 | D:8      | Found a radiant altar of Vehumet.
 11844 | D:8      | Found a shimmering blue altar of Sif Muna.
 12171 | D:9      | Reached skill level 5 in Air Magic
 12348 | D:9      | Paralysed by a hornet for 3 turns
 12350 | D:9      | Slain by a hornet

Illustrated notes

Levels and vault maps discovered:
D:1:      denvon_arrival_waterhouse, layout_loops_ring
D:2:      layout_rooms, shapermc_ecumenical_altar_mp_urbaneastern
D:3:      layout_loops_ring, dreamdust_wishing_well
D:4:      layout_loops_corners, minmay_temple_entry_wispy, supply_closet_lemuel,
          minmay_misc_feat_tiny, uniq_menkaure
D:5:      layout_basic, kennysheep_okawaru_gauntlet,
          nicolae_uskayaw_murder_on_the_dancefloor, minmay_misc_feat_cross,
          uniq_eustachio, uniq_blork_the_orc
D:6:      cheibrodos_steamvent, layout_basic, lemuel_round_altar,
          hangedman_abyss_or_decor_slice, grunt_ministairs_1,
          grunt_decor_arrowhead, uniq_edmund
D:7:      layout_cave_pods, hangedman_minor_gate_pass
D:8:      layout_layer_cave, palyth_temple_overflow_mages, uniq_maggie
D:9:      layout_layer_cave, enter_bailey_8, minmay_misc_feat_rows,
          minmay_hollow_rounded_squares, uniq_maurice
Temple:   eino_temple_rhombus

Skill      XL: |  1  2  3  4  5  6  7  8  9 |
---------------+----------------------------+-----
Stealth        | 3 |  3.6
Dodging        | 3 4 5 6 9 8 |  9.4
Fighting       | 2 4 6 |  6.5
Spellcasting   | 3 4 5 6 |  6.6
Summonings     | 5 7 8 |  8.1
Hexes          | 2 5 4 |  5.0
Air Magic      | 1 3 5 |  5.1

Action                   |  1- 3 |  4- 6 |  7- 9 || total
-------------------------+-------+-------+-------++-------
Melee: Unarmed           |    22 |    34 |    80 ||   136
       Punch             |     2 |     1 |     2 ||     5
       Bite              |     1 |     7 |    15 ||    23
 Cast: Summon Small Mamm |    63 |    16 |    42 ||   121
       Call Imp          |    12 |     7 |    17 ||    36
       Call Canine Famil |       |    20 |    39 ||    59
       Summon Guardian G |       |     1 |    35 ||    36
       Summon Lightning  |       |       |    16 ||    16
Invok: Potion Petition   |       |       |     1 ||     1
Evoke: Wand              |       |     3 |     5 ||     8
  Use: Scroll            |       |     5 |    10 ||    15
       Potion            |       |     2 |     6 ||     8
 Stab: Sleeping          |     4 |     2 |     1 ||     7
       Distracted        |       |       |     1 ||     1
Armor: Skin              |     3 |     5 |    11 ||    19
Dodge: Dodged            |    30 |    30 |   135 ||   195
Block: Other             |       |    12 |    27 ||    39
       Reflection        |       |       |     4 ||     4
